Map: Shrines of Lizul

Players

OpuS

  • Race: Protoss Protoss
  • League: Platinum
  • Spawn Location: 3:00

Sketchaphone

  • Race: Zerg Zerg
  • League: Platinum
  • Spawn Location: 12:00

Noodles - Winner!

  • Race: Zerg Zerg
  • League: Platinum
  • Spawn Location: 6:00

Chappyboy - Winner!

  • Race: Zerg Zerg
  • Spawn Location: 9:00

VOD

Have the link to the VOD?

Description

Time

  • Played on: Feb. 4, 2019, 9:06 p.m.
  • Length: 14:45
Show
View Real Time Build Order
Export as new Build Order

OpuS Protoss 

Build Orders:  

Get SALT Encoding   

  12  0:00  Probe  
  13  0:13  Probe  
  14  0:22  Pylon  
  14  0:25  Probe  
  15  0:40  Probe  
  15  0:42  Gateway  
  15  0:48  Probe  
  17  0:58  Assimilator  
  17  1:04  Gateway  
  17  1:06  Probe  
  18  1:18  Probe  
  19  1:22  Pylon  
  19  1:26  Probe  
  19  1:29  Zealot  
  22  1:34  Probe  
  23  1:48  Cybernetics Core  
  23  1:50  Probe, Assimilator  
  24  1:57  Zealot  
  25  2:01  Probe  
  26  2:09  Probe  
  26  2:14  Gateway  
  27  2:23  Zealot  
  27  2:25  Warp Gate  
  29  2:32  Zealot  
  29  2:35  Pylon  
  31  2:43  Twilight Council  
  31  2:53  Probe  
  31  2:54  Pylon  
  32  3:00  Stalker  
  34  3:09  Charge  
  34  3:30  Zealot x2  
  38  4:02  Stargate  
  38  4:15  Zealot x2  
  38  4:16  Zealot  
  42  4:39  Zealot x2  
  46  4:46  Pylon  
  46  4:47  Pylon  
  43  5:03  Void Ray  
  43  5:06  Pylon  
  47  5:07  Pylon  
  47  5:12  Pylon  
  47  5:15  Pylon  
  47  5:45  Zealot x3  
  53  5:53  Void Ray  
  37  6:16  Zealot x3  
  43  6:31  Templar Archives  
  43  6:46  Zealot  
  43  6:47  Zealot  
  47  6:48  Zealot  
  33  7:19  Zealot  
  33  7:20  Zealot x2  
  35  7:40  Zealot x3  
  41  7:47  Void Ray  
  29  8:05  Zealot x2  
  25  8:26  Zealot  
  27  8:38  Probe  
  27  8:41  Pylon  
  27  8:46  Probe  
  29  9:11  Void Ray  
  24  9:32  Zealot x2  
  28  9:47  Pylon  
  28  9:52  High Templar  
  30  9:53  High Templar  
  30  9:58  Archon  
  7  11:08  High Templar  
  7  11:09  High Templar  
  7  11:14  Archon  
  7  11:42  Nexus  
  7  11:43  High Templar x2  
  11  11:48  Archon  
    13:13  Probe  
Show
View Real Time Build Order
Export as new Build Order

Sketchaphone Zerg 

Build Orders: Pool First 

Get SALT Encoding   

  12  0:01  Drone  
  13  0:09  Drone  
  14  0:27  Spawning Pool  
  13  0:31  Drone  
  13  0:34  Extractor  
  13  0:40  Overlord  
  13  0:46  Drone  
  14  0:59  Drone x2  
  16  1:05  Drone  
  17  1:16  Drone  
  18  1:24  Zergling x2  
  19  1:37  Hatchery  
  18  1:42  Metabolic Boost  
  18  1:47  Zergling x2  
  19  1:54  Zergling x2  
  19  1:58  Zergling x2  
  21  2:14  Zergling x2  
  22  2:18  Baneling Nest  
  21  2:28  Zergling x2  
  22  2:30  Overlord  
  21  2:48  Overlord  
  21  2:51  Zergling x2  
  22  2:52  Zergling x2  
  23  3:00  Spine Crawler  
  23  3:03  Zergling x4  
  24  3:11  Zergling x2  
  15  3:23  Drone x3  
  18  3:30  Baneling x2  
  18  3:34  Zergling x4  
  18  3:43  Zergling x2  
  19  3:55  Drone  
  9  4:12  Drone x2  
  9  4:14  Drone  
  11  4:19  Baneling x4  
  11  4:20  Drone  
  10  4:43  Drone x2  
  12  4:56  Drone  
  13  5:02  Drone  
  14  5:30  Drone x3  
  17  5:52  Drone x2  
  19  6:07  Drone  
  20  6:14  Drone  
  20  6:23  Drone  
  20  6:24  Roach Warren  
  20  6:35  Drone  
  21  6:48  Drone  
  22  7:11  Hatchery  
  19  7:21  Zergling x6  
  21  7:25  Queen  
  23  7:57  Roach x3  
  28  8:08  Roach  
  30  8:21  Hatchery  
  29  8:29  Roach x2  
  33  8:34  Overlord  
  33  8:37  Drone x3  
  35  9:04  Roach x2  
  35  9:05  Roach  
  41  9:17  Roach  
  41  9:18  Overlord, Zergling x2  
  44  9:32  Overlord x2  
  44  9:35  Roach  
  44  9:36  Roach x2  
  50  9:41  Overlord  
  49  9:46  Roach  
  50  10:02  Roach x2  
  50  10:04  Drone x3  
  57  10:12  Drone x2  
  57  10:13  Drone  
  60  10:19  Roach  
  60  10:21  Zergling x2  
  62  10:31  Roach x2  
  65  10:40  Roach  
  67  10:49  Drone x2  
  69  10:50  Roach  
  69  10:51  Zergling x6  
  69  10:53  Overlord  
  59  11:14  Zergling x14  
  50  11:31  Zergling x10  
  42  11:35  Evolution Chamber, Drone  
  40  11:41  Zergling x4  
  40  11:45  Zergling x2  
  40  11:46  Queen  
  45  11:48  Zergling x4  
  47  11:57  Zergling x2  
  48  12:12  Zergling x14  
  55  12:18  Zergling x2  
  55  12:20  Zerg Melee Weapons Level 1  
  56  12:27  Zergling x6  
  53  12:31  Zergling x2  
  48  12:49  Zergling x12  
  49  12:56  Zergling x4  
  51  13:05  Queen x2  
  53  13:06  Queen  
  53  13:08  Zergling x6  
  60  13:13  Overlord  
  60  13:15  Zergling x4  
  60  13:19  Zergling x2  
  63  13:23  Zergling x6  
  63  13:26  Overlord  
  63  13:27  Zergling x6  
  63  13:28  Zergling x2  
  49  13:49  Zergling x12  
  55  13:56  Zergling x2  
  55  13:59  Zergling x4  
  58  14:03  Zergling x2  
  59  14:12  Overlord  
  38  14:36  Spore Crawler  
  37  14:44  Spore Crawler  
Show
View Real Time Build Order
Export as new Build Order

Noodles Zerg - Winner!

Build Orders: Pool First 

Get SALT Encoding   

  12  0:01  Drone  
  13  0:14  Overlord  
  13  0:20  Drone  
  14  0:35  Spawning Pool  
  14  0:38  Extractor  
  14  0:41  Drone  
  13  0:46  Drone  
  14  0:51  Drone  
  15  1:04  Drone x2  
  17  1:17  Overlord  
  17  1:28  Zergling x2  
  18  1:37  Zergling x2  
  19  1:56  Zergling x2  
  19  1:57  Zergling x2  
  19  2:00  Metabolic Boost  
  19  2:01  Queen  
  23  2:16  Zergling x2  
  23  2:19  Zergling x2  
  24  2:34  Zergling x2  
  24  2:46  Zergling x2  
  25  2:57  Zergling x2  
  26  3:04  Zergling x2  
  26  3:14  Hatchery  
  24  3:22  Zergling x8  
  28  3:34  Zergling x2  
  27  4:01  Overlord x2  
  23  4:12  Hatchery  
  22  4:20  Zergling x4  
  22  4:23  Drone x2  
  22  4:24  Drone  
  27  4:35  Zergling x2  
  24  4:44  Zergling x2  
  25  4:55  Baneling Nest, Zergling x4  
  25  4:56  Zergling x4  
  27  5:02  Queen  
  27  5:03  Queen  
  31  5:07  Drone  
  31  5:13  Drone x3  
  35  5:29  Zergling x12  
  41  5:37  Overlord  
  41  5:41  Queen, Extractor  
  42  5:48  Baneling x2  
  39  6:04  Zergling x8  
  39  6:05  Zergling x8  
  44  6:19  Drone  
  44  6:20  Drone x4  
  49  6:36  Lair  
  49  6:38  Drone  
  49  6:39  Overlord  
  50  6:51  Overlord, Spore Crawler  
  49  6:55  Baneling  
  49  6:56  Baneling x6  
  49  7:01  Drone  
  49  7:14  Zergling x8  
  46  7:22  Drone x2  
  46  7:23  Drone x3  
  49  7:37  Drone  
  49  7:38  Drone x4  
  46  8:01  Drone x7  
  46  8:02  Drone x5  
  56  8:13  Extractor  
  56  8:14  Extractor  
  54  8:27  Spire  
  54  8:31  Extractor  
  54  8:33  Extractor  
  51  8:36  Spore Crawler  
  49  8:41  Spore Crawler  
  49  8:42  Zergling x14  
  49  8:43  Zergling x8  
  45  9:48  Mutalisk  
  45  9:49  Mutalisk x7  
  58  9:55  Drone x2  
  58  9:56  Overlord  
  60  10:10  Overlord  
  60  10:21  Mutalisk  
  60  10:22  Mutalisk x2  
  66  10:28  Hatchery  
  65  10:41  Mutalisk x2  
  65  10:42  Overlord  
  67  11:06  Mutalisk x3  
  73  11:22  Drone x2  
  73  11:23  Drone x8  
  81  11:37  Zerg Flyer Weapons Level 1  
  81  12:12  Mutalisk  
  81  12:13  Mutalisk x3  
  89  12:33  Overlord, Zergling x2  
  89  12:34  Overlord  
  84  12:54  Zergling x2  
  84  12:55  Zergling x16  
  90  13:13  Drone x3  
  88  13:42  Mutalisk x3  
  88  13:43  Mutalisk x5  
  104  13:48  Drone  
Show
View Real Time Build Order
Export as new Build Order

Chappyboy Zerg - Winner!

Build Orders: Pool First 

Get SALT Encoding   

  12  0:02  Drone  
  13  0:09  Drone  
  14  0:27  Spawning Pool  
  13  0:30  Drone  
  13  0:34  Extractor  
  13  0:36  Drone  
  14  0:44  Overlord  
  14  1:05  Drone x2  
  14  1:06  Drone  
  17  1:13  Queen  
  19  1:21  Overlord  
  19  1:30  Drone  
  20  1:46  Metabolic Boost  
  20  1:54  Zergling x4  
  22  2:02  Zergling x2  
  23  2:11  Drone  
  24  2:23  Zergling x8  
  28  2:37  Extractor  
  28  2:40  Overlord  
  27  2:54  Zergling x2  
  28  3:13  Hatchery  
  26  3:34  Zergling x2  
  26  3:35  Zergling x12  
  32  3:48  Drone  
  24  4:10  Lair, Evolution Chamber  
  23  4:25  Drone x7  
  28  4:59  Drone x7  
  33  5:03  Spine Crawler  
  32  5:07  Spine Crawler  
  32  5:10  Spine Crawler  
  27  5:14  Queen  
  22  5:22  Drone x4  
  26  5:33  Hydralisk Den  
  26  5:34  Zerg Missile Weapons Level 1  
  25  5:39  Drone, Extractor  
  25  5:40  Drone x4  
  29  6:03  Hydralisk x3  
  31  6:05  Zergling x2  
  24  6:14  Queen  
  24  6:16  Drone  
  27  6:34  Hydralisk  
  27  6:35  Hydralisk x2  
  33  6:44  Muscular Augments  
  33  6:49  Drone x3  
  36  6:58  Spine Crawler  
  34  7:27  Hydralisk x2  
  34  7:28  Hydralisk  
  34  7:29  Drone x4  
  44  8:14  Queen  
  40  8:23  Hydralisk  
  40  8:24  Hydralisk x4  
  40  8:26  Overlord x3  
  44  8:59  Zerg Missile Weapons Level 2  
  44  9:04  Drone  
  44  9:05  Drone x5  
  44  9:09  Extractor  
  49  9:41  Hydralisk x8  
  65  9:53  Drone x3  
  66  10:09  Overlord  
  66  10:10  Overlord  
  66  10:15  Hatchery  
  65  10:25  Grooved Spines  
  57  10:40  Hydralisk  
  55  10:43  Hydralisk x3  
  55  10:44  Hydralisk  
  52  11:28  Zergling x18  
  61  11:49  Drone x4  
  65  11:54  Queen  
  65  11:55  Queen  
  69  12:03  Zerg Ground Armor Level 1  
  69  12:05  Drone x4  
  69  12:06  Drone  
  74  12:14  Drone x3  
  77  12:22  Zergling x4  
  68  12:55  Zergling x2  
  68  12:56  Zergling x20  
  79  13:00  Extractor  
  79  13:02  Extractor  
  77  13:39  Drone  
  77  13:40  Drone x10  
  86  13:42  Queen  
  88  13:53  Overlord  
  88  13:54  Overlord x4  
  88  14:02  Overlord x2  
  88  14:12  Drone x4  
  92  14:27  Zergling x2  
Tags
 
Add a new tag
Caveats
  • Supply blocks, unpowered buildings, or Contaminate may cause inaccurate times.
  • Supply counts are checked every 10 seconds.